 Dungeon Crawl Stone Soup version 0.27-a0-1219-g958d993ae5 (webtiles) character file.

Game seed: 14610927972523287171

21740 hatdisgam the Fighter (level 12, -7/103 HPs)
             Began as a Gnoll Wanderer on June 7, 2021.
             Was an Elder of Cheibriados.
             Mangled by a torpor snail (16 damage)
             ... on level 4 of the Lair of Beasts.
             The game lasted 00:28:07 (13960 turns).

hatdisgam the Fighter (Gnoll Wanderer)             Turns: 13960, Time: 00:28:07

Health: -7/103     AC: 11    Str: 23    XL:     12   Next: 93%
Magic:  0/23       EV: 16    Int: 25    God:    Cheibriados [****..]
Gold:   568        SH: 14    Dex: 21    Spells: 10/26 levels left

rFire    . . .     SeeInvis .   e - +7 mace of Qaubloeh {vorpal, Will+ Dex+2}
rCold    . . .     Faith    .   f - +2 kite shield
rNeg     . . .     Spirit   +   h - +0 troll leather armour {Purgy}
rPois    .         Reflect  .   t - +1 helmet
rElec    .         Harm     .   q - +0 cloak
rCorr    +         Rampage  .   l - +0 pair of gloves
Will     +....                  P - +0 pair of boots
Stlth    ++++......             i - amulet of guardian spirit
HPRegen  1.27/turn              R - ring of resist corrosion
MPRegen  0.18/turn              (no ring)

@: lethally poisoned (-7 -> -7), slowed, very slow
A: fangs 1, strong nose, distributed training
a: Renounce Religion, Bend Time, Temporal Distortion, Slouch


You were on level 4 of the Lair of Beasts.
You worshipped Cheibriados.
Cheibriados was greatly pleased with you.
You visited 3 branches of the dungeon, and saw 15 of its levels.

You collected 628 gold pieces.
You spent 60 gold pieces at shops.

Inventory:

Hand Weapons
 a - a +2 mace
 b - a +0 hand axe
 e - the +7 mace of Qaubloeh (weapon) {vorpal, Will+ Dex+2}
   (You found it on level 2 of the Lair of Beasts)

   It inflicts extra damage upon your enemies.
   It affects your dexterity (+2).
   It increases your willpower.
 w - a +3 scimitar of flaming
 x - a +1 falchion of holy wrath
 O - a +1 whip of freezing
Missiles
 r - 101 arrows
 D - 86 bolts
 G - 230 stones (quivered)
 H - 68 sling bullets
 Q - 12 poisoned darts
 U - 2 boomerangs
Armour
 c - a +0 buckler
 d - a +0 robe
 f - a +2 kite shield (worn)
 h - a +0 troll leather armour (worn) {Purgy}
 k - a +0 helmet
 l - a +0 pair of gloves (worn)
 m - a +0 ring mail
 n - a +0 scale mail
 q - a +0 cloak (worn)
 t - a +1 helmet (worn)
 P - a +0 pair of boots (worn)
Jewellery
 i - an amulet of guardian spirit (around neck)
 L - a ring of positive energy
 R - a ring of resist corrosion (left hand)
 X - a ring of willpower
Wands
 o - a wand of acid (7)
 F - a wand of flame (13)
 V - a wand of polymorph (6)
Scrolls
 g - a scroll of vulnerability {unknown}
 p - 2 scrolls of enchant armour {unknown}
 u - a scroll of magic mapping {unknown}
 y - 2 scrolls of noise {unknown}
 A - a scroll of fear
 B - a scroll of silence
 I - a scroll of enchant weapon
 J - a scroll of brand weapon {unknown}
 S - a scroll of holy word
 W - a scroll of identify
Potions
 s - 2 potions of attraction
 v - 2 potions of lignification {unknown}
 z - 2 potions of curing
 C - a potion of haste {unknown}
 E - 2 potions of degeneration {unknown}
 K - a potion of ambrosia {unknown}
 M - a potion of brilliance {unknown}
 N - a potion of invisibility {unknown}
 T - 2 potions of heal wounds
Miscellaneous
 j - a lightning rod (inert)


   Skills:
 + Level 12.6 Fighting
 + Level 7.7 Short Blades
 + Level 7.7 Long Blades
 + Level 8.2 Axes
 + Level 8.2 Maces & Flails
 + Level 7.7 Polearms
 + Level 7.7 Staves
 + Level 7.7 Slings
 + Level 7.7 Bows
 + Level 7.7 Crossbows
 + Level 7.7 Throwing
 + Level 8.2 Armour
 + Level 7.7 Dodging
 + Level 8.1 Stealth
 + Level 8.2 Shields
 + Level 7.7 Unarmed Combat
 + Level 7.7 Spellcasting
 + Level 6.4 Conjurations
 + Level 6.4 Hexes
 + Level 6.4 Summonings
 + Level 6.4 Necromancy
 + Level 6.4 Translocations
 + Level 6.4 Transmutations
 + Level 6.4 Fire Magic
 + Level 6.4 Ice Magic
 + Level 6.4 Air Magic
 + Level 6.4 Earth Magic
 + Level 6.4 Poison Magic
 + Level 8.5 Invocations
 + Level 7.7 Evocations


You had 10 spell levels left.
You knew the following spells:

 Your Spells              Type           Power      Damage    Failure   Level
a - Summon Guardian Gole  Hex/Summ       42%        N/A       3%          3
b - Summon Ice Beast      Ice/Summ       42%        N/A       12%         4
c - Summon Lightning Spi  Summ/Air       42%        N/A       12%         4
d - Borgnjor's Vile Clut  Necr/Erth      21%        N/A       32%         5

Your spell library contained the following spells:

 Spells                   Type           Power      Damage    Failure   Level
 Beastly Appendage        Tmut           84%        N/A       1%          1
 Summon Small Mammal      Summ           100%       N/A       1%          1
 Call Imp                 Summ           42%        N/A       1%          2
 Ensorcelled Hibernation  Hex/Ice        84%        N/A       1%          2
 Wereblood                Tmut           42%        N/A       1%          2
 Call Canine Familiar     Summ           42%        N/A       3%          3
 Confusing Touch          Hex            42%        N/A       3%          3
 Gell's Gravitas          Tloc           21%        N/A       3%          3
 Portal Projectile        Hex/Tloc       84%        N/A       3%          3
 Spider Form              Tmut/Pois      21%        N/A       3%          3
 Animate Armour           Summ/Erth      84%        N/A       12%         4
 Ice Form                 Ice/Tmut       42%        N/A       12%         4
 Passage of Golubria      Tloc           N/A        N/A       12%         4
 Petrify                  Tmut/Erth      42%        N/A       12%         4
 Hydra Form               Tmut           21%        N/A       32%         5
 Manifold Assault         Tloc           42%        N/A       32%         5
 Metabolic Englaciation   Hex/Ice        21%        N/A       32%         5
 Silence                  Hex/Air        21%        N/A       32%         5
 Yara's Violent Unravell  Hex/Tmut       21%        3d10      32%         5
 Conjure Ball Lightning   Conj/Air       21%        3x3d6     88%         6
 Dispersal                Tloc           21%        N/A       88%         6
 Shadow Creatures         Summ           N/A        N/A       88%         6
 Disjunction              Tloc           21%        N/A       100%        8
 Tornado                  Air            21%        N/A       100%        9


Dungeon Overview and Level Annotations

Branches:
Dungeon (10/15)            Temple (1/1) D:7            Lair (4/6) D:9
  Swamp (0/4) Lair:2        Snake (0/4) Lair:2          Orc (0/2) D:10

Altars:
Ashenzari
Cheibriados
Dithmenos
Elyvilon
Fedhas
Gozag
Hepliaklqana
Kikubaaqudgha
Makhleb
Nemelex Xobeh
Okawaru
Qazlal
Ru
Sif Muna
Trog
Uskayaw
Vehumet
Wu Jian
Xom
Yredelemnul
Zin
The Shining One

Shops:
D:4 !   D:6 =

Annotations:
D:6 3 runed translucent doors, roflturtle's ghost, novice DrTm
D:9 3 runed translucent doors, IEatYoBabies's ghost, novice TrFi; Shayle's ghost, novice DsEn; Snicker's ghost, novice SpEn
D:10 3 runed translucent doors, Nergalle; pablusdiablus's ghost, journeyman HOFi


Innate Abilities, Weirdness & Mutations

You have very sharp teeth.
Your uncanny sense of smell can sniff out nearby items.
Your experience applies equally to all skills.


Message History

The dream sheep ruffles its wool and motes of dream dust sparkle, to no effect.
You closely miss the cane toad.
The cane toad is moderately wounded.
You feel very sick. You block the cane toad's attack. The cane toad misses you.
Unknown command.
You sock the cane toad! You bite the cane toad.
The cane toad is heavily wounded.
You feel very sick. You block the cane toad's attack.
Unknown command.
You hit the cane toad.
The cane toad is severely wounded.
You feel very sick. You block the cane toad's attack.
You sock the cane toad!
You kill the cane toad!
Cheibriados appreciates the change of pace.
You feel sick.
Being near the torpor snail leaves you feeling lethargic.
The dream sheep ruffle their wool and motes of dream dust sparkle, to no effect.
You hit the torpor snail.
The torpor snail is lightly wounded.
You feel very sick.
The dream sheep ruffle their wool and motes of dream dust sparkle, to no effect. x2
You hit the torpor snail but do no damage.
You bite the torpor snail.
The torpor snail is lightly wounded.
You feel sick.
The dream sheep shake their wool and sparkle.
You feel drowsy...
You fall asleep.
The torpor snail bites you!!!
You wake up.
* * * LOW HITPOINT WARNING * * *
You hit the torpor snail.
The torpor snail is lightly wounded.
You feel sick. You block the torpor snail's attack.
You hit the torpor snail but do no damage.
The torpor snail is lightly wounded.
You feel sick. The torpor snail bites you!!
You die...

##.............. .#
#............... ...#
#........YY.....
....##...............∆
...#.................
..#..........Y.......
.#........#.YYF...#
.........####w#####
.........# ##@#
........## ###
.........##
..........###
............##
.............##
...#..........# ##.
.##...........# #...
##..........#####....


You could see a torpor snail and 3 dream sheep.

Vanquished Creatures
  3 hydras
  A death yak (Lair:4)
  Pikel (D:8)
  A bog body (Lair:2)
  2 black mambas
  Maurice (D:8)
  Maggie (D:6)
  4 komodo dragons
  12 cane toads
  2 rime drakes
  An efreet (D:10)
  A polar bear (Lair:3)
  9 blink frogs
  3 dream sheep (Lair:4)
  A wyvern (Lair:4)
  15 yaks
  A wraith (D:10)
  2 basilisks
  2 steam dragons
  A naga (Lair:2)
  Menkaure (D:6)
  An acid dragon (D:9)
  13 water moccasins
  An orc warrior (D:8)
  3 sky beasts
  2 black bears
  Purgy (D:3)
  8 wolves (Lair:3)
  2 ogres
  5 centaurs
  3 lemures (D:8)
  A kobold brigand (D:10)
  11 bullfrogs
  A scorpion (D:6)
  2 wyvern skeletons (D:6)
  11 killer bees
  4 howler monkeys
  5 wights
  A bullfrog zombie (D:5)
  3 centaur zombies
  2 centaur skeletons
  3 hounds
  Crazy Yiuf (D:3)
  A bullfrog skeleton (D:7)
  3 orc priests
  Jessica (D:3)
  An iguana (D:6)
  5 orc wizards
  4 hell rats (Lair:2)
  2 killer bee zombies (D:7)
  A hound zombie (D:5)
  9 adders
  5 gnolls
  A howler monkey skeleton (D:4)
  A white imp (D:6)
  An ufetubus (D:6)
  A worm (D:3)
  2 dart slugs (D:1)
  21 orcs
  7 bats
  11 endoplasms
  3 giant cockroaches
  9 goblins
  4 hobgoblins
  11 jackals
  7 kobolds
  2 quokkas
  10 ball pythons
  3 frilled lizards
  4 rats
279 creatures vanquished.

Vanquished Creatures (collateral kills)
  A bullfrog (D:8)
  2 killer bees
  An orc priest (D:8)
  3 orcs (D:8)
7 creatures vanquished.

Vanquished Creatures (others)
  2 killer bees (D:8)
  20 fungi
  13 plants
  4 withered plants (D:9)
39 creatures vanquished.

Grand Total: 325 creatures vanquished

Notes
Turn   | Place    | Note
-------+----------+-------------------------------------------
     0 | D:1      | Reached skill level 10 in Fighting
     0 | D:1      | hatdisgam the Gnoll Wanderer began the quest for the Orb.
     0 | D:1      | hatdisgam set off with the following items: a +2 mace, a +0
                  | hand axe, a +0 buckler, a +0 robe
     0 | D:1      | Reached XP level 1. HP: 28/28 MP: 1/1
   264 | D:1      | Reached XP level 2. HP: 36/36 MP: 2/2
   821 | D:1      | Reached XP level 3. HP: 42/42 MP: 3/3
  1572 | D:2      | Found a faded altar of an unknown god.
  1594 | D:2      | Reached skill level 1 in Invocations
  1721 | D:2      | Reached skill level 1 in Short Blades
  1721 | D:2      | Reached skill level 1 in Long Blades
  1721 | D:2      | Reached skill level 1 in Polearms
  1721 | D:2      | Reached skill level 1 in Staves
  1721 | D:2      | Reached skill level 1 in Slings
  1721 | D:2      | Reached skill level 1 in Bows
  1721 | D:2      | Reached skill level 1 in Crossbows
  1721 | D:2      | Reached skill level 1 in Throwing
  1721 | D:2      | Reached skill level 1 in Dodging
  1721 | D:2      | Reached skill level 1 in Unarmed Combat
  1721 | D:2      | Reached skill level 1 in Spellcasting
  1721 | D:2      | Reached skill level 1 in Evocations
  1800 | D:2      | Reached XP level 4. HP: 11/48 MP: 5/5
  2876 | D:3      | Reached skill level 1 in Conjurations
  2876 | D:3      | Reached skill level 1 in Hexes
  2876 | D:3      | Reached skill level 1 in Summonings
  2876 | D:3      | Reached skill level 1 in Necromancy
  2876 | D:3      | Reached skill level 1 in Translocations
  2876 | D:3      | Reached skill level 1 in Transmutations
  2876 | D:3      | Reached skill level 1 in Fire Magic
  2876 | D:3      | Reached skill level 1 in Ice Magic
  2876 | D:3      | Reached skill level 1 in Air Magic
  2876 | D:3      | Reached skill level 1 in Earth Magic
  2876 | D:3      | Reached skill level 1 in Poison Magic
  2898 | D:3      | Reached XP level 5. HP: 41/54 MP: 6/6
  3006 | D:3      | Noticed Jessica
  3015 | D:3      | Killed Jessica
  3777 | D:3      | Noticed Purgy
  3800 | D:3      | Killed Purgy
  3801 | D:3      | Reached XP level 6. HP: 61/61 MP: 8/8
  4147 | D:3      | Found a runed translucent door.
  4148 | D:3      | Noticed Crazy Yiuf
  4156 | D:3      | Killed Crazy Yiuf
  4328 | D:4      | Found Tuogil's Distillery.
  4365 | D:4      | Bought a potion of heal wounds for 60 gold pieces
  4404 | D:4      | Found an opulent altar of Gozag.
  4425 | D:4      | Noticed a sky beast
  4488 | D:3      | Killed a sky beast
  4489 | D:3      | Reached XP level 7. HP: 30/67 MP: 10/10
  4927 | D:5      | Entered Level 5 of the Dungeon
  5924 | D:5      | Reached XP level 8. HP: 74/74 MP: 12/12
  6093 | D:6      | Found a sacrificial altar of Ru.
  6298 | D:6      | Found Loys's Jewellery Emporium.
  6330 | D:6      | Noticed Menkaure
  6336 | D:6      | Killed Menkaure
  6352 | D:6      | Found an ornate altar of the Wu Jian Council.
  6352 | D:6      | Found a sparkling altar of Nemelex Xobeh.
  6369 | D:6      | Reached skill level 11 in Fighting
  6390 | D:6      | Reached XP level 9. HP: 81/81 MP: 14/14
  6410 | D:6      | Found a snail-covered altar of Cheibriados.
  6410 | D:6      | Found a glowing golden altar of the Shining One.
  6632 | D:6      | Found a runed translucent gate.
  6632 | D:6      | Found a runed translucent gate.
  6632 | D:6      | Noticed roflturtle's ghost (novice DrTm)
  6632 | D:6      | Noticed a kobold demonologist
  6634 | D:6      | Found a runed translucent gate.
  6802 | D:6      | Noticed Maggie
  6843 | D:6      | Killed Maggie
  7213 | D:7      | Found a staircase to the Ecumenical Temple.
  7230 | D:7      | Noticed Pikel
  7332 | D:8      | Reached skill level 5 in Axes
  7332 | D:8      | Reached skill level 5 in Maces & Flails
  7332 | D:8      | Reached skill level 5 in Armour
  7332 | D:8      | Reached skill level 5 in Shields
  7418 | D:8      | Reached skill level 5 in Stealth
  7543 | D:8      | Killed Pikel
  7544 | D:8      | Reached skill level 5 in Invocations
  7808 | Temple   | Entered the Ecumenical Temple
  8104 | D:6      | Became a worshipper of Cheibriados the Contemplative
  8160 | D:7      | Reached XP level 10. HP: 88/88 MP: 15/17
  8492 | D:7      | Found an ancient bone altar of Kikubaaqudgha.
  8977 | D:8      | Learned a level 3 spell: Summon Guardian Golem
  8981 | D:8      | Identified the +4 robe of Booty {rF- rN+ Slay+3 Stlth+}
  8997 | D:8      | Reached skill level 5 in Short Blades
  8997 | D:8      | Reached skill level 5 in Long Blades
  8997 | D:8      | Reached skill level 5 in Polearms
  8997 | D:8      | Reached skill level 5 in Staves
  8997 | D:8      | Reached skill level 5 in Slings
  8997 | D:8      | Reached skill level 5 in Bows
  8997 | D:8      | Reached skill level 5 in Crossbows
  8997 | D:8      | Reached skill level 5 in Throwing
  8997 | D:8      | Reached skill level 5 in Dodging
  8997 | D:8      | Reached skill level 5 in Unarmed Combat
  8997 | D:8      | Reached skill level 5 in Spellcasting
  8997 | D:8      | Reached skill level 5 in Evocations
  9008 | D:8      | Noticed Maurice
  9024 | D:8      | Killed Maurice
  9601 | D:9      | Identified a scroll of acquirement
  9602 | D:9      | Acquired a book of the Warp
  9627 | D:9      | Found a staircase to the Lair.
  9702 | D:9      | Reached * piety under Cheibriados
  9926 | D:9      | Found a runed translucent gate.
  9928 | D:9      | Found a runed translucent gate.
  9930 | D:9      | Found a runed translucent gate.
  9979 | D:9      | Noticed Snicker's ghost (novice SpEn)
  9979 | D:9      | Noticed IEatYoBabies's ghost (novice TrFi)
  9979 | D:9      | Noticed Shayle's ghost (novice DsEn)
 10010 | D:9      | Found a glowing silver altar of Zin.
 10327 | D:10     | Entered Level 10 of the Dungeon
 10376 | D:10     | Found a staircase to the Orcish Mines.
 10502 | D:10     | Noticed pablusdiablus's ghost (journeyman HOFi)
 10504 | D:10     | Noticed a storm dragon
 10511 | D:10     | Found a runed translucent gate.
 10519 | D:10     | Found a runed translucent gate.
 10520 | D:10     | Found a runed translucent gate.
 10535 | D:10     | Found a shimmering blue altar of Sif Muna.
 10900 | D:10     | Noticed Nergalle
 10943 | Lair:1   | Entered Level 1 of the Lair of Beasts
 10976 | Lair:1   | Noticed a cane toad
 10999 | Lair:1   | Killed a cane toad
 11304 | Lair:1   | Noticed a cane toad
 11344 | Lair:1   | Killed a cane toad
 11345 | Lair:1   | Reached XP level 11. HP: 87/95 MP: 16/19
 11487 | Lair:1   | Reached skill level 5 in Conjurations
 11487 | Lair:1   | Reached skill level 5 in Hexes
 11487 | Lair:1   | Reached skill level 5 in Summonings
 11487 | Lair:1   | Reached skill level 5 in Necromancy
 11487 | Lair:1   | Reached skill level 5 in Translocations
 11487 | Lair:1   | Reached skill level 5 in Transmutations
 11487 | Lair:1   | Reached skill level 5 in Fire Magic
 11487 | Lair:1   | Reached skill level 5 in Ice Magic
 11487 | Lair:1   | Reached skill level 5 in Air Magic
 11487 | Lair:1   | Reached skill level 5 in Earth Magic
 11487 | Lair:1   | Reached skill level 5 in Poison Magic
 11534 | Lair:1   | You fall into a shaft and drop 1 floor!
 11535 | Lair:2   | Noticed a four-headed hydra
 11549 | Lair:2   | Killed a one-headed hydra
 11605 | Lair:2   | Noticed a six-headed hydra
 11608 | Lair:2   | Reached ** piety under Cheibriados
 11660 | Lair:2   | Killed a five-headed hydra
 11733 | Lair:2   | Reached skill level 12 in Fighting
 12029 | Lair:2   | Found a staircase to the Snake Pit.
 12077 | Lair:2   | Identified the +7 mace of Qaubloeh {vorpal, Will+ Dex+2}
 12353 | Lair:2   | Learned a level 4 spell: Summon Ice Beast
 12358 | Lair:2   | Learned a level 4 spell: Summon Lightning Spire
 12378 | Lair:2   | Found a staircase to the Swamp.
 12440 | Lair:2   | Noticed a bog body
 12446 | Lair:2   | Killed a bog body
 12773 | Lair:3   | Reached XP level 12. HP: 69/102 MP: 14/22
 12833 | Lair:3   | Reached *** piety under Cheibriados
 13414 | Lair:3   | Learned a level 5 spell: Borgnjor's Vile Clutch
 13445 | Lair:3   | Reached **** piety under Cheibriados
 13917 | Lair:4   | Noticed a death yak
 13918 | Lair:4   | Noticed a seven-headed hydra
 13939 | Lair:4   | Killed a one-headed hydra
 13943 | Lair:4   | Killed a death yak
 13960 | Lair:4   | Mangled by a torpor snail

Illustrated notes

Levels and vault maps discovered:
D:1:      dpeg_arrival_stone_temple_mockup, layout_loops_corners,
          ebering_dispersal_statue_hall, minmay_bisected
D:2:      layout_basic, shapermc_ecumenical_altar_mp_highgroup,
          minmay_close_crescents
D:3:      layout_loops_cross, uniq_crazy_yiuf_cottage, uniq_purgy, uniq_jessica
D:4:      layout_rooms, grunt_gozag_breadcrumbs, serial_shops, shop,
          minmay_crystal_room
D:5:      layout_rooms
D:6:      minmay_clustersquares, layout_basic, lemuel_round_altar,
          chequers_temple_overflow_statue_of_worship, serial_shops, shop,
          gammafunk_ghost_nasty_kobolds, uniq_maggie, uniq_menkaure
D:7:      layout_rooms, lemuel_tele_altar, minmay_temple_entry_drinking_statues,
          kennysheep_generic_room_15, uniq_pikel
D:8:      layout_basic, dk_noncrumbling_2, uniq_maurice
D:9:      layout_cave_pools, old_standard_altar, dpeg_oklobed_lair,
          gammafunk_ghost_cemetery
D:10:     layout_irregular_city, old_standard_altar, gammafunk_ghost_split,
          uniq_joseph, uniq_nergalle
Temple:   nicolae_temple_figure_eight
Lair:1:   layout_loops_ring
Lair:2:   layout_gridlike, skrybe_swamp_entry_bodies,
          guppyfry_snake_entry_island, enter_volcano_2, grunt_megastairs_2
Lair:3:   layout_regular_city, grunt_megastairs_1
Lair:4:   layout_hall_layers, serial_bayou_shore_a

Skill      XL: |  1  2  3  4  5  6  7  8  9 10 11 12 |
---------------+-------------------------------------+-----
Fighting       | 11 12 | 12.6
Invocations    | 1 2 3 4 5 6 7 8 |  8.5
Short Blades   | 1 2 3 4 5 6 7 |  7.7
Long Blades    | 1 2 3 4 5 6 7 |  7.7
Polearms       | 1 2 3 4 5 6 7 |  7.7
Staves         | 1 2 3 4 5 6 7 |  7.7
Slings         | 1 2 3 4 5 6 7 |  7.7
Bows           | 1 2 3 4 5 6 7 |  7.7
Crossbows      | 1 2 3 4 5 6 7 |  7.7
Throwing       | 1 2 3 4 5 6 7 |  7.7
Dodging        | 1 2 3 4 5 6 7 |  7.7
Unarmed Combat | 1 2 3 4 5 6 7 |  7.7
Spellcasting   | 1 2 3 4 5 6 7 |  7.7
Evocations     | 1 2 3 4 5 6 7 |  7.7
Conjurations   | 1 2 3 4 5 6 |  6.4
Hexes          | 1 2 3 4 5 6 |  6.4
Summonings     | 1 2 3 4 5 6 |  6.4
Necromancy     | 1 2 3 4 5 6 |  6.4
Translocations | 1 2 3 4 5 6 |  6.4
Transmutations | 1 2 3 4 5 6 |  6.4
Fire Magic     | 1 2 3 4 5 6 |  6.4
Ice Magic      | 1 2 3 4 5 6 |  6.4
Air Magic      | 1 2 3 4 5 6 |  6.4
Earth Magic    | 1 2 3 4 5 6 |  6.4
Poison Magic   | 1 2 3 4 5 6 |  6.4
Axes           | 3 4 5 6 7 8 |  8.2
Maces & Flails | 3 4 5 6 7 8 |  8.2
Armour         | 3 4 5 6 7 8 |  8.2
Shields        | 3 4 5 6 7 8 |  8.2
Stealth        | 3 4 5 6 7 8 |  8.1

Action                   |  1- 3 |  4- 6 |  7- 9 | 10-12 || total
-------------------------+-------+-------+-------+-------++-------
Melee: Mace              |    93 |   179 |    59 |   285 ||   616
       Bite              |     9 |    19 |    83 |   111 ||   222
       Falchion          |       |       |   520 |   209 ||   729
       Hand axe          |       |       |    47 |       ||    47
       Scimitar          |       |       |       |   175 ||   175
Evoke: Wand              |       |       |    15 |     8 ||    23
       Lightning rod     |       |       |       |     6 ||     6
  Use: Potion            |       |     2 |       |     2 ||     4
       Scroll            |       |       |     2 |    12 ||    14
 Stab: Sleeping          |     5 |       |     1 |    11 ||    17
       Invisible         |       |     2 |       |       ||     2
       Paralysed         |       |       |    50 |    19 ||    69
       Distracted        |       |       |     2 |     2 ||     4
Armor: Robe              |    17 |    12 |       |       ||    29
       Ring mail         |       |    60 |       |       ||    60
       Scale mail        |       |    25 |     1 |       ||    26
       Troll leather arm |       |       |   275 |   181 ||   456
Dodge: Dodged            |    47 |    82 |   303 |   388 ||   820
Block: Buckler           |     1 |       |       |       ||     1
       Kite shield       |    57 |   133 |   436 |   536 ||  1162
       Rpst.: Falchion   |       |       |    71 |    42 ||   113
       Scimitar          |       |       |       |    32 ||    32

Table legend: (Time is in decaauts)
 A = Elapsed time spent in this place.
 B = Non-inter-level travel time spent in this place.
 C = Inter-level travel time spent in this place.
 D = Time resting spent in this place.
 E = Time spent auto-exploring this place.
 F = Levels seen in this place.
 G = Mean time per level.
                   A        B        C        D        E       F      G
               +--------+--------+--------+--------+--------+-----+--------+
         Total |  16343 |  15276 |   1067 |   1041 |  10579 |  15 | 1089.5 |
       Dungeon |  11870 |  10983 |    887 |   1009 |   7276 |  10 | 1187.0 |
        Temple |    220 |    207 |     13 |      0 |    207 |   1 |  220.0 |
          Lair |   4252 |   4086 |    166 |     32 |   3095 |   4 | 1063.0 |
               +--------+--------+--------+--------+--------+-----+--------+

Top non-repeatable levels by time:
     D:8: 1642 daAuts
  Lair:3: 1618 daAuts
     D:6: 1583 daAuts
     D:1: 1550 daAuts
     D:3: 1539 daAuts
     D:2: 1407 daAuts
  Lair:2: 1352 daAuts
  Lair:1: 1127 daAuts
     D:4: 982 daAuts
     D:9: 938 daAuts
    D:10: 810 daAuts
     D:7: 783 daAuts
     D:5: 633 daAuts
  Temple: 220 daAuts
  Lair:4: 153 daAuts
